cohdb
Replays
Latest Replays
All Replays
Popular Replays
Top Player Replays
Match Explorer
How It Works
Community
CoH3 Stats
Reddit
Sign in to upload your games and track your stats! →
Sign in with Steam
Match 41152660
Unlisted
Match 41152660
Overview
Messages
Build Orders
End
Construct Infanterie Kompanie
Kettenkrad Recon Vehicle
MG 42 Machine Gun Team
Selects Terror Battlegroup
Selects Machine Gun Camouflage
Grenadier Squad
Sniper
GrW 34 Mortar Team
Grenadier Squad
Construct Panzergrenadier Kompanie
AI Takeover
Mayuka
Cpt. Colter Stevens
Trump Blesses America
WT
Gravey
boboCATs
boboFISHs
Tharrats
0
0
Comments
sign in to comment!
No comments posted yet!